 Dungeon Crawl Stone Soup version 0.23-a0-650-ga4d50d4 (webtiles) character file.

142 Lanoc the Skirmisher (level 5, -1/47 HPs)
             Began as a Minotaur Chaos Knight on Jan 4, 2019.
             Was a Believer of Zin.
             Killed by divine providence
             ... invoked by an orc priest
              (15 damage)
             ... on level 3 of the Dungeon.
             The game lasted 00:04:21 (1898 turns).

Lanoc the Skirmisher (Minotaur Chaos Knight)        Turns: 1898, Time: 00:04:22

Health: -1/47      AC:  6    Str: 18    XL:     5   Next: 3%
Magic:  4/4        EV: 11    Int:  9    God:    Zin [**....]
Gold:   126        SH:  0    Dex:  4    Spells: 4/4 levels left

rFire    . . .     SeeInvis .   i - +0 short sword
rCold    + . .     Gourm    .   (no shield)
rNeg     . . .     Faith    .   b - +3 leather armour
rPois    .         Spirit   .   (helmet restricted)
rElec    .         Reflect  .   (no cloak)
rCorr    .         Harm     .   (no gloves)
MR       .....                  (no boots)
Stlth    +.........             (no amulet)
HPRegen  0.15/turn              j - ring of protection from cold
MPRegen  0.09/turn              o - -5 ring of dexterity (curse)

@: no status effects
A: retaliatory headbutt, horns 2
a: Recite, Vitalisation, Donate Gold, Renounce Religion


You were on level 3 of the Dungeon.
You worshipped Zin.
Zin was pleased with you.
You were not hungry.

You visited 1 branch of the dungeon, and saw 3 of its levels.

You collected 140 gold pieces.
You donated 14 gold pieces to Zin.

Inventory:

Hand Weapons
 i - a +0 short sword (weapon)
Armour
 b - a +3 leather armour (worn)
Jewellery
 j - a ring of protection from cold (left hand)
 o - a cursed -5 ring of dexterity (right hand)
Wands
 p - a wand of iceblast (5)
Scrolls
 f - a scroll of identify
 q - 3 scrolls of teleportation
Potions
 a - a potion of magic
 d - 2 potions of curing {unknown}
 e - 2 potions of haste {unknown}
 l - a potion of brilliance
 n - a potion of heal wounds {unknown}
Comestibles
 c - 4 rations


   Skills:
 + Level 4.7 Fighting
   Level 4.4 Long Blades
 + Level 3.9 Armour
 + Level 2.8 Dodging


You had 4 spell levels left.
You didn't know any spells.
Your spell library was empty.

Dungeon Overview and Level Annotations

Branches:
Dungeon (3/15)

Altars:
Cheibriados
Dithmenos
Fedhas
Gozag
Kikubaaqudgha
Sif Muna
Vehumet
Zin
The Shining One


Innate Abilities, Weirdness & Mutations

You reflexively headbutt those who attack you in melee.
You have a pair of horns on your head.


Message History

An orc comes into view. It is wielding a +0 flail.
The orc priest invokes the aid of Beogh against you.
Beogh smites you! The hobgoblin barely misses you.
You hit the orc priest.
The orc priest is heavily wounded.
The orc priest hits you but does no damage.
The hobgoblin barely misses you. You furiously retaliate!
You headbutt the hobgoblin!
You kill the hobgoblin!
You puncture the orc priest!
The orc priest is almost dead.
The orc priest invokes the aid of Beogh against you.
Pain shoots through your body!
* * * LOW HITPOINT WARNING * * *
You barely miss the orc priest. Your headbutt misses the orc priest.
The orc priest is almost dead.
The orc hits you but does no damage.
The orc priest mumbles some strange prayers to Beogh against you.
Beogh smites you!
You die...

#................[.....# #
#......................#####
#..................>........
#......................#####
#...##########.#########
*****####***** ####.#
,,,,,,,,,,,,,* #..#.#
,,,,,,,,,,,,***#..#.#
,,,,,,,,,,,,,*,#@##.#
,,,,⌠,,,,,,,,,#o#o..#
,,,,,,,,,,,,,#.#.####
,,,,,,,,,,,,*###.,*
,,,,,,,,,,,,,* #.,*
************** ##**


You could see an orc priest and an orc.

Vanquished Creatures
  Terence (D:2)
  A worker ant (D:3)
  An adder (D:3)
  3 oozes (D:2)
  2 worms (D:3)
  A dart slug (D:2)
  An orc (D:3)
  4 giant cockroaches
  13 goblins
  7 hobgoblins
  3 jackals (D:2)
  A quokka (D:3)
  A ball python (D:2)
  7 bats
  3 frilled lizards
  9 kobolds
  4 rats
62 creatures vanquished.

Notes
Turn   | Place    | Note
-------+----------+-------------------------------------------
     0 | D:1      | Lanoc the Minotaur Chaos Knight began the quest for the
                  | Orb.
     0 | D:1      | Reached XP level 1. HP: 19/19 MP: 0/0
   114 | D:1      | XOM: divination: detect items
   124 | D:1      | Reached XP level 2. HP: 18/27 MP: 1/1
   153 | D:1      | XOM: noise
   181 | D:1      | XOM: harmless Tloc miscast
   219 | D:1      | XOM: fog
   276 | D:1      | XOM: harmless Erth miscast
   491 | D:2      | Found a deep blue altar of Sif Muna.
   492 | D:2      | Reached XP level 3. HP: 33/33 MP: 2/2
   536 | D:2      | XOM: harmless Erth miscast
   614 | D:2      | Found a faded altar of an unknown god.
   622 | D:2      | Fell from the grace of Xom
   622 | D:2      | Became a worshipper of Zin the Law-Giver
   622 | D:2      | Reached * piety under Zin
   799 | D:2      | Noticed Terence
   822 | D:2      | Killed Terence
   822 | D:2      | Reached XP level 4. HP: 26/40 MP: 3/3
   851 | D:2      | Found a blossoming altar of Fedhas.
   854 | D:2      | Found a shadowy altar of Dithmenos.
   926 | D:2      | Found a snail-covered altar of Cheibriados.
  1224 | D:3      | Reached ** piety under Zin
  1238 | D:3      | XOM: give mutation
  1280 | D:3      | Found a radiant altar of Vehumet.
  1625 | D:3      | Found an opulent altar of Gozag.
  1628 | D:3      | Found an ancient bone altar of Kikubaaqudgha.
  1631 | D:3      | Found a glowing golden altar of the Shining One.
  1779 | D:3      | Reached XP level 5. HP: 47/47 MP: 4/4
  1898 | D:3      | Killed from afar by an orc priest

Vault maps used:
D:1:      evilmike_arrival_hilbert_curve
D:2:      nicolae_overflow_crystal_walls, minitemple,
          chequers_ecumenical_altar_simple_redux, dk_noncrumbling_2,
          kennysheep_slug_shrine, uniq_terence
D:3:      fiery_altar_vehumet, grunt_temple_overflow_diamond, first_ration,
          wad_rectangle_vault

Skill      XL: |  1  2  3 |
---------------+----------+-----
Long Blades    | 4 |  4.4
Fighting       | 4 |  4.7
Armour         | 3 |  3.9
Dodging        | 2 |  2.8

Action                   |  1- 3 |  4- 6 || total
-------------------------+-------+-------++-------
Melee: Falchion          |    43 |       ||    43
       Headbutt          |    18 |    12 ||    30
       Unarmed           |    38 |       ||    38
       Short sword       |       |    71 ||    71
  Use: Scroll            |       |     7 ||     7
  Eat: Chunk             |       |     3 ||     3
Armor: Leather armour    |    26 |    14 ||    40
Dodge: Dodged            |    56 |    41 ||    97
       Rpst.: Falchion   |     6 |       ||     6

Table legend:
 A = Non-vault XP
 B = Vault XP
 C = Vault XP percentage of total XP
 D = Non-vault monster count
 E = Vault monster count
 F = Vault count percentage of total count
                 A         B        C        D         E       F
            +---------+---------+-------+---------+---------+-------
      Total |     161 |      42 |  20.7 |      59 |       3 |   4.8
            +---------+---------+-------+---------+---------+-------
        D:1 |      30 |       0 |   0.0 |      20 |       0 |   0.0
        D:2 |      53 |      40 |  43.0 |      23 |       2 |   8.0
        D:3 |      78 |       2 |   2.5 |      16 |       1 |   5.9
            +---------+---------+-------+---------+---------+-------
